General information
- name: BNet
- type: Ladder team game (AT/RT)
- host: Battle.net
- saver: MsY]DOGANDHORSE
map: SunrockCove
- players: 6
- length: 23:40
- speed: Fast
- version: 1.21 W3XP
- replay type:

» download(166 KB)
Players
team 1 (loser)
deniboy77 (
pink | 52 APM | 1197 actions | 23:13)
4 Paladin
2 Holy Light
2 Devotion Aura
» actions
| Build / train | 61 | |
| Enter build submenu | 29 | |
| Enter hero's abilities submenu | 4 | |
| Remove unit from queue | 14 | |
| Right click | 611 | |
| Select / deselect | 445 | |
| Use ability | 33 | |
1197 total
» units
| Peasant | 9 | |
| Footman | 9 | |
| Siege Engine | 6 | |
| Rifleman | 6 | |
| Flying Machine | -2 | |
28 total
» upgrades
| Gunpowder | 2 | |
| Plating | 1 | |
| Barrage | 1 | |
| Lumber Harvesting | 1 | |
| Flak Cannons | 0 | |
| Flying Machine Bombs | 0 | |
5 total
» buildings
| Altar of Kings | 1 | |
| Farm | 11 | |
| Barracks | 2 | |
| Lumber Mill | 1 | |
| Scout Tower | 5 | |
| Guard Tower | 1 | |
| Keep | 1 | |
| Arcane Tower | 3 | |
| Blacksmith | 1 | |
| Castle | 1 | |
| Workshop | 2 | |
| Arcane Vault | 1 | |
30 total
» build order
00:06 Altar of Kings
00:17 Farm
00:55 Barracks
01:02 Farm
01:30 Lumber Mill
02:28 Farm
03:11 Barracks
03:14 Farm
03:57 Farm
04:55 Scout Tower
04:58 Scout Tower
05:30 Guard Tower
05:38 Farm
06:33 Scout Tower
07:42 Keep
07:52 Scout Tower
07:57 Arcane Tower
08:21 Arcane Tower
08:24 Scout Tower
08:34 Blacksmith
08:59 Arcane Tower
09:01 Farm
10:04 Castle
10:07 Workshop
10:11 Workshop
10:18 Arcane Vault
13:47 Farm
15:31 Farm
17:40 Farm
19:11 Farm
» items
| Scroll of Town Portal | 2 | |
| Orb of Fire | 1 | |
3 total
enimonemo (
red | 31 APM | 690 actions | 22:25)
2 Priestess of the Moon
1 Trueshot Aura
1 Scout
» actions
| Basic commands | 1 | |
| Build / train | 29 | |
| Enter build submenu | 10 | |
| Enter hero's abilities submenu | 2 | |
| Right click | 346 | |
| Select / deselect | 244 | |
| Use ability | 58 | |
690 total
» units
» buildings
| Altar of Elders | 1 | |
| Moon Well | 4 | |
| Ancient of War | 2 | |
| Hunter's Hall | 1 | |
| Ancient Protector | 1 | |
| Tree of Life | 1 | |
10 total
» build order
00:06 Altar of Elders
00:09 Moon Well
00:28 Ancient of War
01:52 Moon Well
02:37 Hunter's Hall
04:30 Ancient Protector
05:09 Tree of Life
10:53 Moon Well
13:30 Ancient of War
13:35 Moon Well
» items
| Rod of Necromancy | 1 | |
| Dust of Appearance | 1 | |
| Staff of Teleportation | 1 | |
| Orb of Corruption | 1 | |
4 total
Toxic_Spartan7 (
orange | 40 APM | 942 actions | 23:36)
5 Lich
3 Frost Nova
1 Dark Ritual
1 Frost Armor
» actions
| Build / train | 40 | |
| Enter build submenu | 18 | |
| Enter hero's abilities submenu | 5 | |
| Right click | 466 | |
| Select / deselect | 373 | |
| Use ability | 40 | |
942 total
» units
| Acolyte | 3 | |
| Ghoul | 8 | |
| Frost Wyrm | 5 | |
| Gargoyle | 4 | |
| Crypt Fiend | 1 | |
21 total
» upgrades
| Freezing Breath | 1 | |
| Web | 1 | |
| Creature Attack | 2 | |
4 total
» buildings
| Altar of Darkness | 1 | |
| Crypt | 2 | |
| Ziggurat | 8 | |
| Tomb of Relics | 1 | |
| Halls of the Dead | 1 | |
| Nerubian Tower | 4 | |
| Black Citadel | 1 | |
| Sacrificial Pit | 1 | |
| Boneyard | 2 | |
| Graveyard | 1 | |
22 total
» build order
00:16 Altar of Darkness
00:22 Crypt
00:26 Ziggurat
01:14 Crypt
02:33 Ziggurat
02:41 Ziggurat
02:44 Tomb of Relics
04:04 Halls of the Dead
04:50 Nerubian Tower
06:26 Black Citadel
07:53 Sacrificial Pit
08:48 Boneyard
08:51 Boneyard
09:30 Ziggurat
09:36 Ziggurat
09:40 Ziggurat
12:08 Ziggurat
12:12 Ziggurat
14:59 Graveyard
17:43 Nerubian Tower
17:44 Nerubian Tower
17:47 Nerubian Tower
» items
| Scroll of Town Portal | 2 | |
| Potion of Healing | 1 | |
3 total
team 2 (winner)
IKnewHimHoratio (
blue | 124 APM | 2919 actions | 23:37)
6 Pandaren Brewmaster
3 Breath of Fire
2 Drunken Haze
1 Storm Earth and Fire
4 Priestess of the Moon
2 Trueshot Aura
2 Searing Arrows
» actions
| Assign group hotkey | 16 | |
| Basic commands | 59 | |
| Build / train | 101 | |
| ESC pressed | 1 | |
| Enter build submenu | 21 | |
| Enter hero's abilities submenu | 10 | |
| Give item / drop item | 6 | |
| Right click | 1390 | |
| Select / deselect | 437 | |
| Select group hotkey | 800 | |
| Use ability | 78 | |
2919 total
» units
» upgrades
| Improved Bows | 1 | |
| Nature's Blessing | 1 | |
| Strength of the Moon | 3 | |
| Ultravision | 1 | |
| Marksmanship | 1 | |
| Well Spring | 1 | |
| Moon Armor | 1 | |
9 total
» buildings
| Ancient of War | 5 | |
| Tree of Life | 7 | |
| Altar of Elders | 2 | |
| Moon Well | 4 | |
| Hunter's Hall | 1 | |
| Tree of Ages | 1 | |
| Tree of Eternity | 1 | |
21 total
» build order
00:58 Ancient of War
01:04 Tree of Life
01:13 Ancient of War
01:42 Ancient of War
02:01 Altar of Elders
02:27 Moon Well
02:39 Ancient of War
05:33 Moon Well
05:36 Ancient of War
06:19 Moon Well
07:08 Hunter's Hall
07:54 Tree of Life
08:42 Tree of Life
09:23 Tree of Ages
11:12 Tree of Life
12:02 Altar of Elders
12:39 Tree of Life
13:49 Moon Well
16:23 Tree of Eternity
17:22 Tree of Life
21:32 Tree of Life
» items
| Boots of Speed | 1 | |
| Scroll of Town Portal | 2 | |
| Orb of Fire | 1 | |
| Staff of Sanctuary | 1 | |
5 total
MsY]DOGANDHORSE (
yellow | 124 APM | 2940 actions | 23:40)
4 Archmage
2 Summon Water Elemental
2 Brilliance Aura
» actions
| Assign group hotkey | 33 | |
| Basic commands | 5 | |
| Build / train | 78 | |
| Enter build submenu | 48 | |
| Enter hero's abilities submenu | 4 | |
| Right click | 1543 | |
| Select / deselect | 340 | |
| Select group hotkey | 793 | |
| Use ability | 96 | |
2940 total
» units
| Peasant | 17 | |
| Dragonhawk Rider | 17 | |
34 total
» upgrades
| Masonry | 2 | |
| Lumber Harvesting | 1 | |
| Cloud | 1 | |
| Animal War Training | 1 | |
5 total
» buildings
| Altar of Kings | 1 | |
| Farm | 7 | |
| Scout Tower | 40 | |
| Lumber Mill | 2 | |
| Arcane Tower | 1 | |
| Guard Tower | 27 | |
| Keep | 1 | |
| Blacksmith | 1 | |
| Arcane Vault | 1 | |
| Gryphon Aviary | 2 | |
| Castle | 1 | |
| Barracks | 1 | |
85 total
» build order
00:05 Altar of Kings
00:19 Farm
00:45 Farm
00:47 Farm
03:23 Scout Tower
03:23 Scout Tower
03:25 Lumber Mill
03:51 Scout Tower
03:53 Arcane Tower
04:33 Guard Tower
04:39 Scout Tower
04:39 Scout Tower
05:09 Guard Tower
05:14 Scout Tower
05:18 Scout Tower
05:19 Scout Tower
05:54 Guard Tower
06:11 Scout Tower
06:12 Scout Tower
06:13 Guard Tower
06:39 Guard Tower
07:23 Keep
07:25 Guard Tower
07:27 Scout Tower
07:28 Scout Tower
07:29 Scout Tower
07:32 Blacksmith
07:34 Farm
07:35 Farm
07:35 Farm
07:36 Farm
08:00 Guard Tower
08:17 Guard Tower
08:20 Scout Tower
08:20 Scout Tower
08:20 Scout Tower
08:21 Scout Tower
08:29 Guard Tower
08:59 Arcane Vault
09:06 Scout Tower
09:06 Scout Tower
09:07 Scout Tower
09:08 Scout Tower
09:08 Scout Tower
09:13 Scout Tower
09:15 Scout Tower
09:32 Guard Tower
09:34 Guard Tower
09:35 Guard Tower
09:40 Scout Tower
09:40 Scout Tower
09:42 Guard Tower
09:47 Lumber Mill
09:49 Guard Tower
10:16 Guard Tower
10:17 Guard Tower
10:51 Guard Tower
10:53 Scout Tower
10:53 Scout Tower
11:03 Scout Tower
11:04 Scout Tower
11:04 Scout Tower
11:04 Scout Tower
11:20 Guard Tower
11:27 Scout Tower
11:27 Scout Tower
11:27 Scout Tower
11:27 Scout Tower
11:52 Guard Tower
11:59 Scout Tower
12:00 Scout Tower
12:16 Gryphon Aviary
12:33 Guard Tower
12:35 Scout Tower
12:35 Scout Tower
14:09 Gryphon Aviary
14:13 Castle
14:40 Guard Tower
14:57 Guard Tower
14:57 Guard Tower
15:15 Guard Tower
15:20 Guard Tower
16:47 Barracks
17:17 Guard Tower
17:18 Guard Tower
» items
| Scroll of Town Portal | 1 | |
| Boots of Speed | 1 | |
| Staff of Teleportation | 1 | |
| Scroll of Regeneration | 1 | |
4 total
parastaennen.fi (
green | 104 APM | 2448 actions | 23:37)
4 Archmage
2 Summon Water Elemental
2 Brilliance Aura
3 Mountain King
2 Storm Bolt
1 Bash
» actions
| Assign group hotkey | 191 | |
| Basic commands | 41 | |
| Build / train | 92 | |
| Enter build submenu | 36 | |
| Enter hero's abilities submenu | 8 | |
| Give item / drop item | 2 | |
| Right click | 1089 | |
| Select / deselect | 406 | |
| Select group hotkey | 446 | |
| Use ability | 137 | |
2448 total
» units
| Peasant | 22 | |
| Gryphon Rider | 10 | |
| Dragonhawk Rider | 2 | |
| Knight | 3 | |
37 total
» upgrades
| Masonry | 2 | |
| Lumber Harvesting | 2 | |
| Storm Hammers | 1 | |
| Swords | 3 | |
| Animal War Training | 1 | |
| Armor | 3 | |
| Cloud | 1 | |
| Plating | 1 | |
14 total
» buildings
| Altar of Kings | 1 | |
| Farm | 10 | |
| Lumber Mill | 1 | |
| Scout Tower | 10 | |
| Guard Tower | 12 | |
| Arcane Vault | 3 | |
| Keep | 3 | |
| Castle | 1 | |
| Gryphon Aviary | 2 | |
| Blacksmith | 1 | |
| Town Hall | 1 | |
| Barracks | 1 | |
| Workshop | 1 | |
47 total
» build order
00:04 Altar of Kings
00:09 Farm
01:01 Farm
01:33 Farm
02:17 Lumber Mill
03:17 Scout Tower
03:19 Scout Tower
03:46 Guard Tower
03:47 Scout Tower
04:11 Guard Tower
04:13 Scout Tower
04:18 Arcane Vault
04:27 Scout Tower
05:07 Keep
05:07 Keep
05:07 Keep
05:15 Scout Tower
05:46 Guard Tower
06:17 Guard Tower
06:24 Guard Tower
06:25 Guard Tower
06:39 Scout Tower
07:11 Guard Tower
07:13 Scout Tower
07:28 Castle
07:57 Gryphon Aviary
08:05 Guard Tower
08:09 Gryphon Aviary
08:15 Blacksmith
08:17 Farm
08:18 Farm
08:25 Scout Tower
09:00 Guard Tower
09:01 Scout Tower
09:27 Town Hall
09:36 Farm
10:26 Barracks
13:22 Arcane Vault
15:20 Arcane Vault
16:06 Farm
18:04 Farm
18:05 Farm
18:57 Farm
19:33 Workshop
» items
| Staff of Teleportation | 1 | |
| Scroll of Town Portal | 3 | |
| Scroll of Regeneration | 5 | |
| Staff of Sanctuary | 1 | |
| Potion of Healing | 2 | |
| Lesser Clarity Potion | 1 | |
13 total
Chat log
(12:43 / All) parastaennen.fi: ty for free win nooobs
(12:50 / All) MsY]DOGANDHORSE: woooooooooooooooobs
(12:52 / All) Toxic_Spartan7: lol :)
(12:54 / All) deniboy77: we will win
(12:59 / All) IKnewHimHoratio: no you wont
(13:40 / All) deniboy77: noobs haha
(13:59 / All) MsY]DOGANDHORSE: 2 wyrms
(14:00 / All) MsY]DOGANDHORSE: dead
(14:01 / All) MsY]DOGANDHORSE: to tower
(14:58 / All) parastaennen.fi: ty for losing
(15:55 / All) Toxic_Spartan7: eni gold pls
(15:58 / All) MsY]DOGANDHORSE: ok
(16:00 / All) MsY]DOGANDHORSE: i drop u some tp
(16:00 / All) IKnewHimHoratio: lmao
(16:44 / All) Toxic_Spartan7: i make some spiders
(16:47 / All) IKnewHimHoratio: k
(16:47 / All) MsY]DOGANDHORSE: good
(16:49 / All) parastaennen.fi: you noobs need gold?
(19:16 / All) parastaennen.fi: how u doing on gold noobs
(19:27 / All) deniboy77: pretty good io got too much
(20:27 / All) parastaennen.fi: wow pink noob
(20:45 / All) parastaennen.fi: gg shitnoob
(20:58 / All) Toxic_Spartan7: lol
(21:04 / All) Toxic_Spartan7: you make me cry
(21:05 / All) Toxic_Spartan7: lol
(21:06 / All) MsY]DOGANDHORSE: yeah
(21:08 / All) MsY]DOGANDHORSE: i would cry
(21:10 / All) MsY]DOGANDHORSE: if i was this noob
(21:13 / All) MsY]DOGANDHORSE: SHITBITS
(21:14 / All) Toxic_Spartan7: we won't leave till end just to play wit your feets
(21:14 / All) IKnewHimHoratio: gg
(22:03 / All) IKnewHimHoratio: gg
(22:32 / All) Toxic_Spartan7: you rly didn't listen
(22:36 / All) Toxic_Spartan7: we won't leave till end
(22:37 / All) parastaennen.fi: you are a shit noob
(22:38 / All) MsY]DOGANDHORSE: "we will win"
(22:39 / All) parastaennen.fi: lmao
(22:39 / All) MsY]DOGANDHORSE: lmfao
(22:42 / All) MsY]DOGANDHORSE: the end
(22:42 / All) MsY]DOGANDHORSE: is now
(22:43 / All) Toxic_Spartan7: just to play oith your feets
(22:47 / All) IKnewHimHoratio: bow
(22:52 / All) MsY]DOGANDHORSE: my feets
(22:55 / All) MsY]DOGANDHORSE: wtf is wrong iwht u
(22:57 / All) Toxic_Spartan7: anyway you had luck
(23:00 / All) parastaennen.fi: enjoying this
(23:01 / All) parastaennen.fi: Nope
(23:01 / All) IKnewHimHoratio: bow
(23:02 / All) MsY]DOGANDHORSE: feets?
(23:03 / All) parastaennen.fi: we had skill
(23:05 / All) MsY]DOGANDHORSE: les pieds?
(23:06 / All) parastaennen.fi: you obviously never did
(23:07 / All) MsY]DOGANDHORSE: u
(23:08 / All) MsY]DOGANDHORSE: got
(23:10 / All) deniboy77: bb fucking noob you are just fucking digi nerd in real i fuck youre heads niggahs bb noobssssssssssssssssssssssssssssssssssssss
(23:10 / All) MsY]DOGANDHORSE: BRGd
(23:18 / All) IKnewHimHoratio: gg
(23:24 / All) IKnewHimHoratio: bow
(23:24 / All) IKnewHimHoratio: bow
(23:25 / All) IKnewHimHoratio: bow
(23:34 / All) Toxic_Spartan7: BYE NERDS YOU HEARD HEM I AM PRO FOOTBALLER NO PC FREAK BYE NAAAAAAAAAAAAAAAAAAAAAAAAB